 Dungeon Crawl Stone Soup version 0.28-a0-1235-g7c8fac35f0 (webtiles) character file.

Game seed: 13206199930607612252

36 Gargoyl the Skirmisher (level 3, -6/35 HPs)
             Began as a Gnoll Abyssal Knight on Dec 25, 2021.
             Was a Follower of Lugonu.
             Killed by an exploding goblin (41 damage)
             ... ignited by their inner flame
             ... on level 1 of the Dungeon.
             The game lasted 00:01:58 (1432 turns).

Gargoyl the Skirmisher (Gnoll Abyssal Knight)       Turns: 1432, Time: 00:01:59

Health: -6/35      AC:  4    Str: 14    XL:     3   Next: 37%
Magic:  6/6        EV: 12    Int:  9    God:    Lugonu [*.....]
Gold:   42         SH:  0    Dex: 12    Spells: 3/3 levels left

rFire   . . .      SeeInvis .   a - +1 hand axe
rCold   + . .      Faith    .   (no shield)
rNeg    . . .      Spirit   .   b - +1 leather armour
rPois   .          Reflect  .   (no helmet)
rElec   .          Harm     .   (no cloak)
rCorr   .          Rampage  .   (no gloves)
Will    +....                   (no boots)
Stlth   +.........              (no amulet)
HPRegen 0.11/turn               d - ring of willpower
MPRegen 0.10/turn               i - ring of protection from cold

@: no status effects
A: fangs 1, strong nose, distributed training
a: Renounce Religion, Depart the Abyss


You were on level 1 of the Dungeon.
You worshipped Lugonu.
Lugonu was aware of your devotion.
You visited 1 branch of the dungeon, and saw 2 of its levels.
You visited the Abyss 1 time.

You collected 42 gold pieces.

Inventory:

Hand Weapons
 a - a +1 hand axe (weapon)
Armour
 b - a +1 leather armour (worn)
Jewellery
 d - a ring of willpower (left hand)
 i - a ring of protection from cold (right hand)
Potions
 c - a potion of haste
 f - a potion of magic


   Skills:
 + Level 6.5 Fighting
 + Level 0.7 Short Blades
 + Level 0.7 Long Blades
 + Level 4.5 Axes
 + Level 0.7 Maces & Flails
 + Level 0.7 Polearms
 + Level 0.7 Staves
 + Level 0.7 Slings
 + Level 0.7 Bows
 + Level 0.7 Crossbows
 + Level 0.7 Throwing
 + Level 4.5 Armour
 + Level 2.6 Dodging
 + Level 0.7 Stealth
 + Level 0.7 Shields
 + Level 0.7 Unarmed Combat
 + Level 0.7 Spellcasting
 + Level 0.5 Conjurations
 + Level 0.5 Hexes
 + Level 0.5 Summonings
 + Level 0.5 Necromancy
 + Level 0.5 Translocations
 + Level 0.5 Transmutations
 + Level 0.5 Fire Magic
 + Level 0.5 Ice Magic
 + Level 0.5 Air Magic
 + Level 0.5 Earth Magic
 + Level 0.5 Poison Magic
 + Level 4.5 Invocations
 + Level 0.7 Evocations


You had 3 spell levels left.
You didn't know any spells.
Your spell library contained the following spells:

 Spells                   Type           Power      Damage    Failure   Level
 Olgreb's Toxic Radiance  Pois           1%         N/A       98%         4
 Ozocubu's Refrigeration  Ice            0%         4d5       100%        7
 Ignition                 Fire           0%         3d3       100%        8


Dungeon Overview and Level Annotations

Branches:
Dungeon (2/15)

Altars:

Shops:
D:1 (


Innate Abilities, Weirdness & Mutations

You have very sharp teeth.
Your uncanny sense of smell can sniff out nearby items.
Your experience applies equally to all skills.


Message History

Done exploring.
(D) Dungeon
Where to? (? - help)
What level of the Dungeon? (default 1, ? - help)
You see here a +0 dagger.
There is a large open door here.
There is a large open door here.
There is a stone staircase leading down here.
You climb downwards.
There is a stone staircase leading up here.
A goblin and a kobold come into view.
Found a ruby potion.
The kobold shouts!
The goblin shouts!
As you read the scroll labelled PUPAPR EHETINE, it crumbles to dust.
The creatures around you are filled with an inner flame!
It was a scroll of immolation.
As you read the scroll labelled WATWIU ZEOCW, it crumbles to dust.
It is a scroll of enchant armour.
Your +0 leather armour glows green for a moment.
As you read the scroll labelled UMI NAELUODGH, it crumbles to dust.
It is a scroll of identify.
c - a potion of haste The goblin barely misses you.
As you read the scroll of identify, it crumbles to dust.
f - a potion of magic A ball python comes into view.
The goblin misses you.
There is a stone staircase leading up here.
You climb upwards.
There is a stone staircase leading down here.
The goblin hits you but does no damage.
i - a ring of protection from cold (right hand)
You hit the goblin.
Flame seeps out of the goblin.
The goblin is moderately wounded.
The goblin is engulfed in blazing flames.
Lugonu accepts your kill.
The goblin explodes!
The fiery explosion engulfs you!!!
Ouch! That really hurt!
You die...

#.......#############
#.>.....+............
#.......########.....
#.......########.....
#.......#............
##'#...##............
#.#§§.##............
#.+○§.''............
###@§.##............
#...##............
#...#.....###.....
#...#.....# #.....
#...#.....# ######
############.....#
#........).'.....#
#.##########.....#
#.# #.....#


There were no monsters in sight!

Vanquished Creatures
  2 dart slugs (D:1)
  3 giant cockroaches (D:1)
  4 goblins (D:1)
  3 hobgoblins (D:1)
  4 jackals (D:1)
  3 kobolds (D:1)
  2 quokkas (D:1)
  2 ball pythons (D:1)
  3 bats (D:1)
  A frilled lizard (D:1)
  3 rats (D:1)
30 creatures vanquished.

Notes
Turn   | Place    | Note
-------+----------+-------------------------------------------
     0 | Abyss:1  | Gargoyl the Gnoll Abyssal Knight began the quest for the
                  | Orb.
     0 | Abyss:1  | Reached XP level 1. HP: 23/23 MP: 3/3
   107 | D:1      | Escaped the Abyss
   122 | D:1      | Noticed a ghoul
   122 | D:1      | Noticed a vampire
   124 | D:1      | Noticed an elf
   124 | D:1      | Noticed a felid
   126 | D:1      | Noticed a draconian
   129 | D:1      | Noticed a naga
   129 | D:1      | Noticed an ogre
   131 | D:1      | Noticed a minotaur
   133 | D:1      | Noticed a gargoyle
   135 | D:1      | Noticed a demigod
   135 | D:1      | Noticed a vine stalker
   139 | D:1      | Noticed an octopode
   139 | D:1      | Noticed a troll
   141 | D:1      | Noticed a dwarf
   141 | D:1      | Noticed a merfolk
   143 | D:1      | Noticed a formicid
   143 | D:1      | Noticed a human
   145 | D:1      | Noticed a demonspawn
   145 | D:1      | Noticed a spriggan
   147 | D:1      | Noticed a tengu
   166 | D:1      | Found Kyniw's Antique Weapon Shop.
   203 | D:1      | Reached * piety under Lugonu
   209 | D:1      | Reached XP level 2. HP: 14/29 MP: 5/5
   709 | D:1      | Reached XP level 3. HP: 26/35 MP: 6/6
   875 | D:1      | Found a faded altar of an unknown god.
  1432 | D:1      | Killed by an exploding goblin... ignited by their inner
                  | flame

Illustrated notes

Levels and vault maps discovered:
D:1:      kb_arrival_jail, layout_basic, chequers_ecumenical_altar_simple_redux,
          serial_shops, shop
D:2:      layout_basic, minmay_hedge_maze, minmay_diced_spiral

Action                   || total
-------------------------++-------
Melee: Hand axe          ||    73
       Bite              ||     2
Invok: Depart the Abyss  ||     1
  Use: Scroll            ||     5
Armor: Leather armour    ||    20
Dodge: Dodged            ||    62

Table legend: (Time is in decaauts)
 A = Elapsed time spent in this place.
 B = Non-inter-level travel time spent in this place.
 C = Inter-level travel time spent in this place.
 D = Time resting spent in this place.
 E = Time spent auto-exploring this place.
 F = Levels seen in this place.
 G = Mean time per level.
                   A        B        C        D        E       F      G
               +--------+--------+--------+--------+--------+-----+--------+
         Total |   1436 |   1387 |     49 |      0 |   1135 |   4 |  359.0 |
       Dungeon |   1330 |   1281 |     49 |      0 |   1059 |   2 |  665.0 |
         Abyss |    106 |    106 |      0 |      0 |     76 |   2 |   53.0 |
               +--------+--------+--------+--------+--------+-----+--------+

Top non-repeatable levels by time:
     D:1: 1322 daAuts
 Abyss:1: 58 daAuts
 Abyss:2: 47 daAuts
     D:2: 7 daAuts
